 Dungeon Crawl Stone Soup version 0.18.1-5-g4a78601 (webtiles) character file.

1015 richardnixon the Gusty (level 8, -4/48 HPs)
             Began as a High Elf Air Elementalist on May 12, 2016.
             Was a Follower of Vehumet.
             Shot with an arrow by a centaur (14 damage)
             ... on level 6 of the Dungeon.
             The game lasted 00:20:59 (6395 turns).

richardnixon the Gusty (High Elf Air Elementalist)  Turns: 6395, Time: 00:21:00

Health: -4/48      AC:  3    Str:  7    XL:     8   Next: 1%
Magic:  6/14       EV: 13    Int: 21    God:    Vehumet [*.....]
Gold:   306        SH:  0    Dex: 16    Spells: 5 memorised, 5 levels left

rFire  . . .     SeeInvis .     E - +0 falchion
rCold  + . .     Gourm    .     t - +1 robe {rC+}
rNeg   . . .     Faith    +     (no shield)
rPois  .         Spirit   .     (no helmet)
rElec  .         Dismiss  .     (no cloak)
rCorr  .         Reflect  .     (no gloves)
SustAt .         Harm     .     (no boots)
MR     .....                    n - amulet of faith
Stlth  ++........               (no ring)
                                (no ring)

@: repel missiles, not resistant to hostile enchantments, unstealthy
A: no striking features
a: Renounce Religion


You were on level 6 of the Dungeon.
You worshipped Vehumet.
Vehumet was aware of your devotion.
You were not hungry.

You visited 2 branches of the dungeon, and saw 7 of its levels.

You collected 306 gold pieces.

Inventory:

Hand Weapons
 d - a +0 short sword
 f - a +0 great sword
 E - a +0 falchion (weapon)
Armour
 a - a +0 robe
 t - a +1 robe of cold resistance (worn)
Jewellery
 n - an amulet of faith (around neck)
 o - an uncursed ring of ice
Wands
 k - a wand of digging (9/24)
 y - a wand of polymorph (0/24)
 A - a wand of random effects (20/48)
 H - a wand of lightning (7/15)
Scrolls
 g - 2 scrolls of remove curse
 j - 3 scrolls of identify {unknown}
 p - 3 scrolls of immolation
 q - a scroll of teleportation {unknown}
 s - a scroll of blinking {unknown}
 u - a scroll of random uselessness {unknown}
 G - a scroll of enchant armour {unknown}
Potions
 e - a potion of agility
 h - a potion of haste {unknown}
 i - a potion of might {unknown}
 l - a potion of brilliance {unknown}
 v - a potion of lignification {unknown}
 x - a potion of berserk rage {unknown}
 z - a potion of cure mutation {unknown}
 B - a potion of degeneration {unknown}
 C - a potion of ambrosia {unknown}
 D - 3 potions of heal wounds {unknown}
 F - a potion of magic {unknown}
 I - 3 potions of curing {unknown}
Books
 b - a book of Air

   Spells                             Type                      Level
   a - Shock                          Conjuration/Air              1
   b - Swiftness                      Charms/Air                   2
   c - Repel Missiles                 Charms/Air                   2
   d - Static Discharge               Conjuration/Air              3
   e - Lightning Bolt                 Conjuration/Air              5
Comestibles
 c - 5 bread rations
 m - 3 meat rations
 w - a royal jelly


   Skills:
 + Level 1.6 Fighting
 - Level 5.0 Long Blades
 + Level 3.1 Dodging
 - Level 2.1 Stealth
 + Level 3.7 Spellcasting
 - Level 5.0 Conjurations
 - Level 7.4 Air Magic


You had 5 spell levels left.
You knew the following spells:

 Your Spells              Type           Power        Failure   Level  Hunger
a - Shock                 Conj/Air       ####         1%          1    None
b - Swiftness             Chrm/Air       ###.....     4%          2    ##.....
c - Static Discharge      Conj/Air       ####....     2%          3    ###....
d - Repel Missiles        Chrm/Air       ###...       4%          2    ##.....
e - Flame Tongue          Conj/Fire      ##...        6%          1    None


Dungeon Overview and Level Annotations

Branches:
Dungeon (6/15)             Temple (1/1) D:4

Altars:
Cheibriados
Dithmenos
Elyvilon
Fedhas
Gozag
Kikubaaqudgha
Makhleb
Okawaru
Pakellas
Qazlal
Ru
Sif Muna
Trog
Vehumet
Xom
Zin

Annotations:
D:3 kagredon's ghost, weakling DEAE


Message History

The centaur shoots an arrow.
The arrow hits you!
A centaur is nearby!
Casting: Shock
Confirm with . or Enter, or press ? or * to list all spells.
Aiming: Shock
Press: ? - help, Shift-Dir - straight line, f/p - centaur
Aim: a centaur, wielding a shortbow (severely wounded)
The zap misses the centaur.
The centaur shoots an arrow.
The arrow hits you!
* * * LOW HITPOINT WARNING * * *
A centaur is nearby!
Casting: Shock
Confirm with . or Enter, or press ? or * to list all spells.
Aiming: Shock
Press: ? - help, Shift-Dir - straight line, f/p - centaur
Aim: a centaur, wielding a shortbow (severely wounded)
The zap hits the centaur.
The centaur is severely wounded.
The centaur shoots an arrow.
The arrow is repelled.
The centaur shoots an arrow.
The arrow hits you!
You die...

## .. .# .# .
.# .).
######.#..c..
#....@.......
##.###...<#)#
#.# ..#.# #.#
...... #.#
....# # #.#
).### #.# #%#
#.# .. #.#


You could see a centaur.

Vanquished Creatures
  A two-headed ogre (D:5)
  2 ice beasts
  An ogre (D:5)
  3 jellies (D:5)
  A crimson imp (D:5)
  A giant frog zombie (D:5)
  3 hounds
  Terence (D:2)
  4 worker ants
  9 adders
  A river rat (D:4)
  A worm (D:2)
  3 dart slugs
  3 giant geckos
  14 orcs
  7 bats
  6 giant cockroaches
  3 goblins
  A hobgoblin (D:2)
  3 jackals (D:3)
  A quokka (D:2)
  2 giant newts (D:5)
  9 kobolds
  3 rats (D:1)
83 creatures vanquished.

Notes
Turn   | Place    | Note
--------------------------------------------------------------
     0 | D:1      | richardnixon the High Elf Air Elementalist began the quest for the Orb.
     0 | D:1      | Reached XP level 1. HP: 11/11 MP: 4/4
   359 | D:1      | Reached XP level 2. HP: 17/17 MP: 4/6
   363 | D:1      | Learned a level 2 spell: Swiftness
   410 | D:1      | Reached skill level 4 in Air Magic
   995 | D:2      | Reached XP level 3. HP: 11/21 MP: 0/7
  1700 | D:2      | Noticed Terence
  1733 | D:2      | Killed Terence
  1733 | D:2      | Reached XP level 4. HP: 27/27 MP: 2/8
  2400 | D:3      | Reached skill level 5 in Air Magic
  2460 | D:3      | Noticed kagredon's ghost (weakling DEAE)
  2516 | D:4      | HP: 1/27 [river rat (4)]
  2919 | D:4      | Learned a level 3 spell: Static Discharge
  3047 | D:4      | Reached XP level 5. HP: 31/31 MP: 7/10
  3214 | D:4      | Found a staircase to the Ecumenical Temple.
  3223 | Temple   | Entered the Ecumenical Temple
  3267 | Temple   | Became a worshipper of Vehumet
  3595 | D:4      | Reached skill level 1 in Long Blades
  4081 | D:4      | Reached XP level 6. HP: 36/36 MP: 7/11
  4153 | D:5      | Entered Level 5 of the Dungeon
  4153 | D:5      | Noticed an ice beast
  4396 | D:5      | Learned a level 2 spell: Repel Missiles
  4471 | D:5      | Reached skill level 5 in Conjurations
  4471 | D:5      | Reached skill level 6 in Air Magic
  4780 | D:5      | Noticed a two-headed ogre
  4801 | D:5      | Killed a two-headed ogre
  4801 | D:5      | Reached skill level 7 in Air Magic
  4801 | D:5      | Reached XP level 7. HP: 4/41 MP: 1/12
  5232 | D:5      | Reached skill level 5 in Long Blades
  5510 | D:6      | Reached * piety under Vehumet
  5510 | D:6      | Offered knowledge of Flame Tongue by Vehumet.
  6051 | D:5      | Reached skill level 1 in Fighting
  6169 | D:6      | Found a sand-covered staircase.
  6279 | D:5      | Learned a level 1 spell: Flame Tongue
  6330 | D:6      | Reached XP level 8. HP: 48/48 MP: 8/14
  6395 | D:6      | Shot with an arrow by a centaur

Skill      XL: |  1  2  3  4  5  6  7 |
---------------+----------------------+-----
Air Magic      | 4 5 7 |  7.4
Conjurations   | 2 3 4 5 |  5.0
Long Blades    | 1 4 5 |  5.0
Spellcasting   | 3 |  3.7
Fighting       | 1 |  1.6
Dodging        | 3 |  3.1
Stealth        | |  2.1

Action                   |  1- 3 |  4- 6 |  7- 9 || total
-------------------------+-------+-------+-------++-------
Melee: Short sword       |     7 |    16 |       ||    23
       Unarmed           |     4 |       |       ||     4
 Cast: Shock             |    65 |   124 |    75 ||   264
       Swiftness         |     1 |     2 |     2 ||     5
       Flame Tongue      |       |       |     3 ||     3
       Repel Missiles    |       |       |     2 ||     2
       Static Discharge  |       |       |     1 ||     1
  Use: Scroll            |       |     2 |       ||     2
       Potion            |       |     1 |       ||     1
  Eat: Chunk             |     3 |     4 |     3 ||    10
       Fruit             |       |     3 |       ||     3
       Beef jerky        |       |     1 |     1 ||     2
       Bread ration      |       |       |     1 ||     1
Armor: Robe              |     5 |     8 |     6 ||    19
Dodge: Dodged            |    16 |    39 |    26 ||    81
       Deflected         |       |       |     5 ||     5
